[Event "Titled Tuesday Blitz December 13 Early 2022"]
[White "Dubov, Daniil"]
[Black "Pichot, Alan"]
[WhiteFideId "24126055"]
[BlackFideId "110973"]
[WhiteElo "2792"]
[BlackElo "2561"]
[Result "1-0"]
[Round "06"]
[TimeControl "180+1"]
[Date "2022.12.13"]
[WhiteClock "0:00:14"]
[BlackClock "0:00:20"]

1. e4 c5 2. Nf3 e6 3. d4 cxd4 4. Nxd4 Nc6 5. Nc3 Qc7 6. g3 a6 7. Bg2 Nf6 8. Nb3 Be7 9. O-O O-O 10. g4 d6 11. g5 Nd7 12. f4 b5 13. Rf3 Re8 14. Rh3 g6 15. f5 Nde5 16. Bf4 exf5 17. Nd5 Qa7+ 18. Be3 Qb8 19. Rh4 Be6 20. exf5 Bxf5 21. Nd4 Nxd4 22. Qxd4 Qd8 23. Nxe7+ Qxe7 24. Bxa8 Rxa8 25. Rf1 Re8 26. Bd2 Qb7 27. Rhf4 Nc4 28. Bc3 Re5 29. Qf2 Re4 30. Rxe4 Qxe4 31. Qd4 Qxd4+ 32. Bxd4 Nd2 33. Rf4 Ne4 34. h4 Kf8 35. c3 Ke7 36. Kg2 Ke6 37. Rf1 Kd5 38. Rd1 Bg4 39. Re1 Bf5 40. Kf3 b4 41. Rd1 bxc3 42. Bxc3+ Kc4 43. Rd4+ Kc5 44. Rxe4 1-0


[Site "https://www.chess.com"]

[Event "Titled Tuesday Blitz December 13 Early 2022"]
[White "Ezat, Mohamed"]
[Black "Torres Cueto, Jesus Marcial"]
[WhiteFideId "10600906"]
[BlackFideId "4415280"]
[WhiteElo "2388"]
[BlackElo "2022"]
[Result "1-0"]
[Round "06"]
[TimeControl "180+1"]
[Date "2022.12.14"]
[WhiteClock "0:00:03"]
[BlackClock "0:00:14"]

1. e4 e6 2. d4 d5 3. Nc3 Bb4 4. Ne2 Nf6 5. a3 Be7 6. Ng3 dxe4 7. Ngxe4 Nbd7 8. Bd3 b6 9. Qe2 Bb7 10. Bd2 c5 11. dxc5 Nxc5 12. Nxc5 Bxc5 13. Bb5+ Nd7 14. O-O-O a6 15. Bxd7+ Qxd7 16. Be3 Bxe3+ 17. Qxe3 Qc7 18. Rd4 Rd8 19. Rxd8+ Qxd8 20. Rd1 Qc7 21. g3 O-O 22. Qd4 Bf3 23. Rd3 Bc6 24. Qd6 Qb7 25. a4 g6 26. h4 h5 27. b4 Rc8 28. Kb2 Be8 29. Rd4 Qf3 30. Ne4 Bxa4 31. c3 Qe2+ 32. Nd2 Qd1 33. Rd3 Qc2+ 34. Ka3 b5 35. Qd4 Qc1+ 36. Ka2 Bd1 37. Re3 Qc2+ 38. Ka1 a5 39. Ne4 Qa4+ 40. Kb2 Qb3+ 41. Ka1 axb4 42. Nf6+ Kf8 43. Nd7+ Ke7 44. Qf6+ Ke8 45. Qh8+ Kxd7 46. Rd3+ Kc7 47. Qe5+ Kb6 48. Qd6+ Rc6 49. Qb8+ Ka6 50. Qa8+ Kb6 51. Qb8+ Kc5 52. Qa7+ Kc4 53. Qd4# 1-0


[Site "https://www.chess.com"]

[Event "Titled Tuesday Blitz December 13 Early 2022"]
[White "Farmani Anosheh, Armin"]
[Black "Yeremyan, Alen"]
[WhiteFideId "24613240"]
[BlackFideId "13308998"]
[WhiteElo "2289"]
[BlackElo "2159"]
[Result "1-0"]
[Round "06"]
[TimeControl "180+1"]
[Date "2022.12.14"]
[WhiteClock "0:00:57"]
[BlackClock "0:01:12"]

1. d4 Nf6 2. c4 g6 3. f3 Bg7 4. e4 O-O 5. Nc3 c5 6. d5 e6 7. Nge2 exd5 8. cxd5 d6 9. Ng3 h5 10. Be2 h4 11. Nf1 Nh7 12. Ne3 f5 13. exf5 gxf5 14. f4 Nd7 15. Bd3 Bd4 16. Nxf5 Re8+ 17. Kf1 Ndf6 18. g4 Bxc3 19. bxc3 Ne4 20. Qf3 Bxf5 21. gxf5 Nhf6 22. Rg1+ Kf7 23. Rg6 c4 24. Bxe4 Rxe4 25. Be3 Qd7 26. Rxf6+ Kxf6 27. Qxe4 Re8 28. Bd4+ Kf7 29. Qe6+ 1-0


[Site "https://www.chess.com"]

[Event "Titled Tuesday Blitz December 13 Early 2022"]
[White "Fedoseev, Vladimir"]
[Black "Domingo Nunez, Ruben"]
[WhiteFideId "24130737"]
[BlackFideId "22245570"]
[WhiteElo "2733"]
[BlackElo "2406"]
[Result "1-0"]
[Round "06"]
[TimeControl "180+1"]
[Date "2022.12.13"]
[WhiteClock "0:00:49"]
[BlackClock "0:00:14"]

1. d4 g6 2. e4 Bg7 3. c3 c6 4. Nf3 d5 5. exd5 cxd5 6. Bd3 Nc6 7. h3 Nf6 8. Bf4 O-O 9. Qc2 a6 10. O-O b5 11. Nbd2 b4 12. a3 bxc3 13. Qxc3 Bd7 14. b4 Qb6 15. Rfe1 Rac8 16. Qb2 Ne4 17. Nb3 a5 18. b5 a4 19. bxc6 Bxc6 20. Rab1 axb3 21. Qxb3 Qa5 22. Qb4 Qa7 23. Rec1 Ba4 24. h4 Bf6 25. g3 Rfd8 26. Kg2 Bd7 27. Ne5 Be8 28. Be3 Bxe5 29. dxe5 d4 30. Rxc8 Rxc8 31. Qxd4 Qxd4 32. Bxd4 Rd8 33. Bxe4 Rxd4 34. Kf3 f6 35. Rb8 Kf7 36. e6+ Kxe6 37. Rxe8 f5 38. Bc6 Rd3+ 39. Kg2 Rxa3 40. Rh8 h5 41. Be8 Kf6 42. Rg8 f4 43. Rxg6+ Kf5 44. Rg5+ Ke4 45. Bg6+ Kd4 46. Bxh5 e5 47. gxf4 exf4 48. Bf3 Ra5 49. Rxa5 1-0


[Site "https://www.chess.com"]

[Event "Titled Tuesday Blitz December 13 Early 2022"]
[White "Fernandez De La Vara, Arnaldo"]
[Black "Moroni, Luca Jr"]
[WhiteFideId "3518388"]
[BlackFideId "865834"]
[WhiteElo "2387"]
[BlackElo "2573"]
[Result "0-1"]
[Round "06"]
[TimeControl "180+1"]
[Date "2022.12.14"]
[WhiteClock "0:00:06"]
[BlackClock "0:01:29"]

1. Nf3 g6 2. g3 Bg7 3. d4 d6 4. b3 Bd7 5. Bb2 Qc8 6. Bg2 Nc6 7. c4 Bh3 8. O-O h5 9. Nc3 h4 10. Nd5 hxg3 11. fxg3 Bxg2 12. Kxg2 Qh3+ 13. Kg1 O-O-O 14. Qd2 e5 15. e3 f6 16. Qg2 Qh6 17. g4 Nge7 18. g5 fxg5 19. Qxg5 Nxd5 20. cxd5 Nb4 21. dxe5 Nxd5 22. Rf2 dxe5 23. Qxg6 Qxg6+ 0-1


[Site "https://www.chess.com"]

[Event "Titled Tuesday Blitz December 13 Early 2022"]
[White "Fernandez Siles, Luis"]
[Black "Ronka, Erik"]
[WhiteFideId "2209420"]
[BlackFideId "505080"]
[WhiteElo "2186"]
[BlackElo "2264"]
[Result "1-0"]
[Round "06"]
[TimeControl "180+1"]
[Date "2022.12.14"]
[WhiteClock "0:01:15"]
[BlackClock "0:00:20"]

1. e4 c5 2. Nf3 d6 3. d4 cxd4 4. Nxd4 Nf6 5. Nc3 g6 6. Be3 Bg7 7. f3 O-O 8. Qd2 Nc6 9. O-O-O d5 10. Kb1 e5 11. Nxc6 bxc6 12. exd5 cxd5 13. Nxd5 Nxd5 14. Qxd5 Qxd5 15. Rxd5 a5 16. a4 Bb7 17. Rd2 e4 18. f4 Bc6 19. Bb5 Bxb5 20. axb5 a4 21. Ka2 Rfc8 22. b6 Rc4 23. Rhd1 Rb4 24. Rd8+ Rxd8 25. Rxd8+ Bf8 26. Rxf8+ 1-0


[Site "https://www.chess.com"]

[Event "Titled Tuesday Blitz December 13 Early 2022"]
[White "Fiedorek, Michal"]
[Black "Volkov, Maksim"]
[WhiteFideId "1199528"]
[BlackFideId "54123070"]
[WhiteElo "2201"]
[BlackElo "2257"]
[Result "1/2-1/2"]
[Round "06"]
[TimeControl "180+1"]
[Date "2022.12.14"]
[WhiteClock "0:00:08"]
[BlackClock "0:00:07"]

1. e4 c5 2. Nf3 d6 3. d4 cxd4 4. Nxd4 Nf6 5. Nc3 a6 6. Be3 e5 7. Nb3 Be7 8. f3 Be6 9. Qd2 h5 10. Nd5 Bxd5 11. exd5 Nbd7 12. Be2 Qc7 13. O-O O-O 14. c4 a5 15. Rac1 b6 16. Na1 h4 17. Rce1 Nh5 18. Nc2 f5 19. Bg5 Bf6 20. Bd3 g6 21. Bxf6 Rxf6 22. Qf2 Nf4 23. Be2 g5 24. Na3 Nc5 25. Nb5 Qf7 26. Qe3 Kg7 27. b3 Rh8 28. a3 h3 29. g3 Ng2 30. Qxg5+ Rg6 31. Qd2 Nxe1 32. Qxe1 Nxb3 33. Qc3 Nc5 34. Bd1 f4 35. Bc2 Rg5 36. g4 Qf6 37. Kh1 Rd8 38. Qd2 e4 39. fxe4 Rxg4 40. Nd4 Qe5 41. Nf5+ Kf6 42. Qe2 Rdg8 43. Qf3 Rg2 44. Bb1 Kf7 45. Qxh3 Ke8 46. Nh6 R8g6 47. Qc8+ Ke7 48. Nf5+ Kf7 49. Qc7+ Kf8 50. Qc8+ Qe8 51. Qxe8+ Kxe8 52. Nh4 R2g5 53. Nxg6 Rxg6 54. e5 Rh6 55. exd6 Rxd6 56. Rxf4 Rh6 57. Kg2 Kd7 58. Kg3 Kd6 59. h4 Nd7 60. Kg4 Kc5 61. Kg5 Rh8 62. Bf5 Ne5 63. h5 Nxc4 64. h6 Nd6 65. Kg6 Kxd5 66. Kg7 Rd8 67. h7 Ne8+ 68. Kg6 Nd6 69. Bb1 b5 70. Kg7 Ne8+ 71. Kg6 Nd6 72. Rf1 b4 73. axb4 axb4 74. Ba2+ Kc5 75. Kg7 Ne8+ 76. Kg6 Nd6 77. Bg8 Nc8 78. h8=Q Rxg8+ 79. Qxg8 Ne7+ 80. Kg7 Nxg8 81. Kxg8 b3 82. Kf7 Kc4 83. Ke6 b2 84. Ke5 Kc3 85. Rf3+ Kc2 86. Rf2+ Kb3 87. Rxb2+ Kxb2 1/2-1/2


[Site "https://www.chess.com"]

[Event "Titled Tuesday Blitz December 13 Early 2022"]
[White "Fier, Alexandr"]
[Black "Lazavik, Denis"]
[WhiteFideId "2107139"]
[BlackFideId "13515110"]
[WhiteElo "2612"]
[BlackElo "2484"]
[Result "0-1"]
[Round "06"]
[TimeControl "180+1"]
[Date "2022.12.13"]
[WhiteClock "0:01:09"]
[BlackClock "0:02:08"]

1. e4 c5 2. Nf3 e6 3. c3 Nf6 4. e5 Nd5 5. d4 cxd4 6. cxd4 d6 7. Bc4 Be7 8. O-O O-O 9. Qe2 Nc6 10. Rd1 Bd7 11. Bxd5 exd5 12. Nc3 Be6 13. Bf4 a6 14. Rac1 h6 15. h3 Re8 16. Qd2 Bf8 17. exd6 Bxd6 18. Bxd6 Qxd6 19. Na4 Bf5 20. Nc5 Re7 21. Re1 Be4 22. Re3 Rae8 23. Qc3 Bxf3 24. Rxf3 Nxd4 0-1


[Site "https://www.chess.com"]

[Event "Titled Tuesday Blitz December 13 Early 2022"]
[White "Forgacs, Attila Jr."]
[Black "Sprenar, Petr"]
[WhiteFideId "773654"]
[BlackFideId "397164"]
[WhiteElo "2168"]
[BlackElo "2182"]
[Result "0-1"]
[Round "06"]
[TimeControl "180+1"]
[Date "2022.12.14"]
[WhiteClock "0:00:02"]
[BlackClock "0:00:17"]

1. e4 c5 2. d3 e6 3. g3 Nc6 4. Bg2 g6 5. f4 Bg7 6. Nf3 Nge7 7. O-O O-O 8. Be3 d6 9. c3 Rb8 10. a4 a6 11. Qe2 b5 12. axb5 axb5 13. Nbd2 b4 14. d4 bxc3 15. bxc3 cxd4 16. cxd4 Nb4 17. Rfb1 Bd7 18. Nc4 d5 19. exd5 Nexd5 20. Nfe5 Nc3 21. Qd2 Nxb1 22. Rxb1 Na6 23. Ra1 Nc7 24. g4 Bb5 25. Na5 Qd6 26. Nb7 Qb6 27. Nc5 Rfd8 28. Qf2 Nd5 29. Bxd5 Rxd5 30. f5 exf5 31. gxf5 Qf6 32. fxg6 Qxf2+ 33. Kxf2 hxg6 34. Rb1 Rdd8 35. Nf3 Be8 36. Rd1 Rb2+ 37. Kg3 Bc6 38. Ng5 Ra8 39. Bf2 Raa2 40. Nd3 Rd2 41. Re1 Rxd3+ 42. Kh4 Bf6 43. Re8+ Bxe8 0-1


[Site "https://www.chess.com"]

[Event "Titled Tuesday Blitz December 13 Early 2022"]
[White "Galchenko, Matvey"]
[Black "Lewtak, Damian"]
[WhiteFideId "24175480"]
[BlackFideId "1141724"]
[WhiteElo "2404"]
[BlackElo "2330"]
[Result "1-0"]
[Round "06"]
[TimeControl "180+1"]
[Date "2022.12.13"]
[WhiteClock "0:00:08"]
[BlackClock "0:00:02"]

1. e4 c5 2. c3 d5 3. exd5 Qxd5 4. d4 Nf6 5. Nf3 Nc6 6. dxc5 Qxd1+ 7. Kxd1 Bg4 8. Be3 e5 9. b4 e4 10. h3 exf3 11. hxg4 fxg2 12. Bxg2 Nxg4 13. Nd2 Nxe3+ 14. fxe3 O-O-O 15. Kc2 Ne5 16. Raf1 g6 17. c4 h5 18. Bd5 f5 19. Nf3 Ng4 20. Re1 Bh6 21. Bf7 Nxe3+ 22. Kb1 Rhf8 23. Bxg6 Nxc4 24. Rxh5 Bg7 25. Rxf5 Rh8 26. Bf7 Na3+ 27. Kc1 Kb8 28. Bh5 a6 29. Re7 Bf8 30. Re4 Rg8 31. Kb2 Nb5 32. a4 Rg2+ 33. Kb3 Rd3+ 34. Kc4 Rc3+ 35. Kd5 Nc7+ 36. Ke5 Bg7+ 37. Kd6 Rd3+ 38. Ke7 Kc8 39. Kf7 1-0


[Site "https://www.chess.com"]

[Event "Titled Tuesday Blitz December 13 Early 2022"]
[White "Gjestemoen-VonHirsch, Andre"]
[Black "Terzi, Alexei"]
[WhiteFideId "1539531"]
[BlackFideId "13505076"]
[WhiteElo "2198"]
[BlackElo "2172"]
[Result "0-1"]
[Round "06"]
[TimeControl "180+1"]
[Date "2022.12.14"]
[WhiteClock "0:00:13"]
[BlackClock "0:00:21"]

1. b3 c5 2. Bb2 Nc6 3. f4 d5 4. Nf3 e6 5. e3 Nf6 6. Be2 g6 7. d3 Bg7 8. Nbd2 O-O 9. Ne5 Nd7 10. Nxc6 bxc6 11. Bxg7 Kxg7 12. O-O f5 13. e4 Qb6 14. Kh1 c4 15. bxc4 dxe4 16. dxe4 Nc5 17. Bd3 Ba6 18. Qf3 Rfd8 19. exf5 exf5 20. Rfe1 Rd7 21. Qe3 Nxd3 22. cxd3 Qxe3 23. Rxe3 Rad8 24. Nb3 Rxd3 25. Rxd3 Rxd3 26. Nc5 Ra3 27. Ne6+ Kf6 28. Nd4 Bxc4 29. Nxc6 a6 30. Nb4 a5 31. Nc6 a4 32. Nb4 Ke6 33. h3 Kd6 34. Rc1 Kc5 35. Na6+ Kd4 36. Nb4 Bxa2 37. Nc2+ Kc3 38. Nxa3+ Kb2 39. Rc2+ Kxa3 40. Kg1 Bb3 41. Rc1 Kb2 42. Re1 a3 43. Kf2 a2 44. Ke2 a1=Q 45. Rxa1 Kxa1 46. Ke3 Kb2 47. g4 Kc3 48. gxf5 gxf5 49. Kf3 Kd4 50. Kg3 Ke4 51. Kh4 Kxf4 52. Kh5 Kg3 53. h4 f4 54. Kg5 f3 55. h5 f2 56. h6 f1=Q 57. Kh5 Qf5# 0-1


[Site "https://www.chess.com"]

[Event "Titled Tuesday Blitz December 13 Early 2022"]
[White "Goldin, Roman"]
[Black "Goroshkov, Maksym"]
[WhiteFideId "2803860"]
[BlackFideId "14142716"]
[WhiteElo "2312"]
[BlackElo "2258"]
[Result "0-1"]
[Round "06"]
[TimeControl "180+1"]
[Date "2022.12.14"]
[WhiteClock "0:00:01"]
[BlackClock "0:00:12"]

1. e4 e5 2. Nf3 d6 3. d4 Bg4 4. dxe5 Nd7 5. exd6 Bxd6 6. Be2 Ngf6 7. Nfd2 Bxe2 8. Qxe2 Qe7 9. O-O O-O-O 10. Nc3 h5 11. f4 Ng4 12. Nf3 f5 13. e5 Bc5+ 14. Kh1 h4 15. h3 a6 16. hxg4 fxg4 17. Ng5 g3 18. Be3 h3 19. gxh3 Nf6 20. Bxc5 Qxc5 21. exf6 gxf6 22. Qe6+ Kb8 23. Qxf6 Rd2 24. Qxh8+ Ka7 25. Nb5+ axb5 26. Nf3 g2+ 27. Kh2 gxf1=N+ 0-1


[Site "https://www.chess.com"]

[Event "Titled Tuesday Blitz December 13 Early 2022"]
[White "Goltsev, Dmitry"]
[Black "Goltseva, Ekaterina"]
[WhiteFideId "24176710"]
[BlackFideId "24173770"]
[WhiteElo "2327"]
[BlackElo "2200"]
[Result "1-0"]
[Round "06"]
[TimeControl "180+1"]
[Date "2022.12.14"]
[WhiteClock "0:00:16"]
[BlackClock "0:00:03"]

1. e4 e5 2. Nf3 Nc6 3. Bb5 a6 4. Ba4 Nf6 5. O-O Be7 6. Re1 b5 7. Bb3 d6 8. c3 O-O 9. h3 Nd7 10. d4 Bb7 11. d5 Na5 12. Bc2 c6 13. dxc6 Bxc6 14. Nbd2 g6 15. Nf1 Nc4 16. b3 Ncb6 17. Bh6 Re8 18. Ne3 Qc7 19. Qd2 Rad8 20. Rad1 Nc5 21. Ng4 f6 22. b4 Nc4 23. Qc1 Ne6 24. h4 Qb7 25. h5 Kf7 26. Nh4 Rg8 27. Be3 Kg7 28. Bb6 Qxb6 29. Qh6+ Kf7 30. Qxh7+ Rg7 31. hxg6+ Ke8 32. Qh6 Kd7 33. Nf5 Rdg8 34. Nxg7 Rxg7 35. Rd3 Kc7 36. Rh3 Qb8 37. Ne3 Qg8 38. Nf5 Rxg6 39. Nxe7 Rxg2+ 40. Kh1 Qg4 41. Bd1 1-0


[Site "https://www.chess.com"]

[Event "Titled Tuesday Blitz December 13 Early 2022"]
[White "Goryachkina, Aleksandra"]
[Black "Raahul V S"]
[WhiteFideId "4147103"]
[BlackFideId "25035525"]
[WhiteElo "2484"]
[BlackElo "2202"]
[Result "0-1"]
[Round "06"]
[TimeControl "180+1"]
[Date "2022.12.14"]
[WhiteClock "0:00:14"]
[BlackClock "0:00:53"]

1. e4 e6 2. d4 d5 3. Nc3 Nf6 4. Bg5 Be7 5. e5 Ne4 6. Bxe7 Nxc3 7. Bxd8 Nxd1 8. Rxd1 Kxd8 9. h4 Ke7 10. h5 h6 11. Rh3 b6 12. Rg3 Rg8 13. Bd3 Ba6 14. Ne2 Bxd3 15. Rdxd3 Nd7 16. Rg4 c5 17. c3 b5 18. Rdg3 Kf8 19. Nf4 Rc8 20. Kd2 b4 21. cxb4 cxb4 22. Nd3 a5 23. f4 f5 24. Rh4 Rc4 25. Rg6 Kf7 26. g4 Nf8 27. gxf5 Nxg6 28. fxg6+ Ke7 29. f5 exf5 30. b3 Rc3 31. Rf4 Rf8 32. Rf1 Kd7 33. Rf2 f4 34. Rxf4 Rxd3+ 0-1


[Site "https://www.chess.com"]

[Event "Titled Tuesday Blitz December 13 Early 2022"]
[White "Haddouche, Mohamed"]
[Black "Jaskolka, Tomasz"]
[WhiteFideId "7900660"]
[BlackFideId "1170791"]
[WhiteElo "2443"]
[BlackElo "2126"]
[Result "1-0"]
[Round "06"]
[TimeControl "180+1"]
[Date "2022.12.14"]
[WhiteClock "0:00:18"]
[BlackClock "0:00:21"]

1. e4 c5 2. Nf3 e6 3. Nc3 Nc6 4. d4 cxd4 5. Nxd4 Qc7 6. a3 a6 7. Be3 Nf6 8. f4 d6 9. g4 h5 10. g5 Ng4 11. Bg1 Nxd4 12. Bxd4 e5 13. Nd5 Qc6 14. Bb6 exf4 15. Nc7+ Kd7 16. Nxa8 Qxe4+ 17. Qe2 Qxh1 18. O-O-O Qxh2 19. Qc4 Be7 20. Qc7+ Ke6 21. Bc4+ Kf5 22. Qxe7 Be6 23. Bd3+ Ke5 24. Nc7 Ne3 25. Nxe6 fxe6 26. Qxg7+ Kd5 27. c4+ Nxc4 28. Bxc4+ Kxc4 29. Qc7+ Kb5 30. a4+ Kb4 31. Qc3+ Kxa4 32. Qc4# 1-0


[Site "https://www.chess.com"]

[Event "Titled Tuesday Blitz December 13 Early 2022"]
[White "Hartikainen, Jarmo"]
[Black "Krzywda, Andrzej"]
[WhiteFideId "503134"]
[BlackFideId "1114565"]
[WhiteElo "2215"]
[BlackElo "2149"]
[Result "1-0"]
[Round "06"]
[TimeControl "180+1"]
[Date "2022.12.14"]
[WhiteClock "0:00:11"]
[BlackClock "0:00:50"]

1. e4 e5 2. Nf3 Nf6 3. d4 Nxe4 4. Bd3 d5 5. Nxe5 Bd6 6. c4 c6 7. Nc3 Nxc3 8. bxc3 O-O 9. Qh5 g6 10. Qh6 Re8 11. f4 Bf8 12. Qg5 f6 13. Qg3 fxe5 14. fxe5 Bg7 15. O-O Be6 16. c5 b6 17. Bg5 Qd7 18. Bf6 bxc5 19. Rf4 Bxf6 20. Rxf6 Bf7 21. Raf1 Re7 22. e6 Bxe6 23. Bxg6 hxg6 24. Qxg6+ Rg7 25. Rf8# 1-0


[Site "https://www.chess.com"]

[Event "Titled Tuesday Blitz December 13 Early 2022"]
[White "Herman, Daniel"]
[Black "Torres Dominguez, David"]
[WhiteFideId "30935008"]
[BlackFideId "2220857"]
[WhiteElo "1897"]
[BlackElo "2037"]
[Result "1-0"]
[Round "06"]
[TimeControl "180+1"]
[Date "2022.12.14"]
[WhiteClock "0:00:06"]
[BlackClock "0:00:23"]

1. e4 Nc6 2. Nf3 e5 3. Bb5 Nge7 4. d4 exd4 5. Nxd4 g6 6. Bg5 Bg7 7. c3 Nxd4 8. cxd4 c6 9. Ba4 Qa5+ 10. Bd2 Qb6 11. Bc3 d5 12. e5 O-O 13. O-O f6 14. Nd2 Nf5 15. Nf3 Bd7 16. Bb3 Rae8 17. Qd2 Ne7 18. Rfe1 fxe5 19. dxe5 Bg4 20. Nd4 Bc8 21. f4 Kh8 22. Kh1 Nf5 23. Nxf5 Bxf5 24. Bd4 Qc7 25. Rac1 Qb8 26. Bc5 Rf7 27. Bd6 Qd8 28. h3 Bf8 29. Bxf8 Rfxf8 30. Qd4 Qe7 31. Kg1 Kg8 32. Kh2 Qh4 33. Re3 Be6 34. Rf1 g5 35. Rg3 h6 36. Qe3 Kh8 37. Rgf3 g4 38. Rg3 gxh3 39. gxh3 Qxf4 40. Rxf4 Rxf4 41. Qxf4 Kh7 42. Qf6 1-0


[Site "https://www.chess.com"]

[Event "Titled Tuesday Blitz December 13 Early 2022"]
[White "Hoang, Canh Huan"]
[Black "Namitbir Singh Walia"]
[WhiteFideId "12400599"]
[BlackFideId "35071068"]
[WhiteElo "2283"]
[BlackElo "2239"]
[Result "1-0"]
[Round "06"]
[TimeControl "180+1"]
[Date "2022.12.14"]
[WhiteClock "0:00:54"]
[BlackClock "0:00:06"]

1. Nf3 Nf6 2. g3 g6 3. Bg2 Bg7 4. O-O O-O 5. d3 c5 6. Nbd2 d5 7. Rb1 Nc6 8. b3 e5 9. Bb2 Re8 10. e4 d4 11. h3 b5 12. Nh2 Nh5 13. a4 a6 14. Ba3 Qd6 15. Bf3 Bxh3 16. Re1 Nf6 17. g4 h6 18. Qe2 Bf8 19. Kh1 Nh7 20. Rg1 Ng5 21. Rg3 Nb4 22. Rc1 Na2 23. Rcg1 Nc3 24. Qe1 bxa4 25. Nc4 Qd7 26. bxa4 Qxa4 27. Bc1 Qxc2 28. Bxg5 hxg5 29. Rxh3 Qxd3 30. Nb2 Qb5 31. Nd1 Nxd1 32. Bxd1 c4 33. Nf3 f6 34. Be2 d3 35. Bd1 Red8 36. Qd2 Be7 37. Kg2 Rac8 38. Rgh1 c3 39. Qa2+ Qc4 40. Bb3 1-0


[Site "https://www.chess.com"]

[Event "Titled Tuesday Blitz December 13 Early 2022"]
[White "Ibarra Jerez, Jose Carlos"]
[Black "Grunberg, Mihai-Lucian"]
[WhiteFideId "2226332"]
[BlackFideId "1204149"]
[WhiteElo "2638"]
[BlackElo "2363"]
[Result "1-0"]
[Round "06"]
[TimeControl "180+1"]
[Date "2022.12.14"]
[WhiteClock "0:00:44"]
[BlackClock "0:00:19"]

1. e4 Nf6 2. e5 Nd5 3. c4 Nb6 4. d4 d6 5. exd6 cxd6 6. Nc3 g6 7. a4 a5 8. c5 dxc5 9. Bb5+ N6d7 10. Bf4 Bg7 11. Nd5 O-O 12. Bc7 Qe8 13. Nb6 Ra6 14. dxc5 Nc6 15. Bxa6 bxa6 16. Nxd7 Bxd7 17. Ne2 Bxb2 18. Rb1 Bf6 19. O-O Qc8 20. Bb6 Nb4 21. Bxa5 Nc6 22. Bc3 e5 23. Ng3 Qc7 24. Qd6 Qxd6 25. cxd6 Rd8 26. Ne4 Bg7 27. Rb6 Nd4 28. Bxd4 exd4 29. Rxa6 Be6 30. Rd1 Bc4 31. Rb6 Be5 32. a5 Be2 33. Rd2 d3 34. a6 Kg7 35. a7 Ra8 36. Rb7 Bf4 37. d7 Bxd2 38. Nxd2 Bg4 39. Rb8 Rxa7 40. d8=Q 1-0


[Site "https://www.chess.com"]

[Event "Titled Tuesday Blitz December 13 Early 2022"]
[White "Itkis, Boris"]
[Black "Winkels, Marcel"]
[WhiteFideId "1209167"]
[BlackFideId "1003887"]
[WhiteElo "2216"]
[BlackElo "1900"]
[Result "0-1"]
[Round "06"]
[TimeControl "180+1"]
[Date "2022.12.14"]
[WhiteClock "0:00:01"]
[BlackClock "0:00:46"]

1. c4 Nf6 2. Nf3 c5 3. g3 d5 4. cxd5 Nxd5 5. Bg2 g6 6. O-O Bg7 7. Nc3 Nxc3 8. dxc3 Qxd1 9. Rxd1 O-O 10. Bf4 Nc6 11. Nd2 Be6 12. Nb3 c4 13. Nc5 Bc8 14. Rd2 e5 15. Be3 f5 16. f3 b6 17. Nd7 Rd8 18. Rad1 Bb7 19. Bg5 Re8 20. Nf6+ Bxf6 21. Bxf6 Bc8 22. Bf1 Be6 23. Rd6 Rac8 24. e3 h6 25. f4 Kf7 26. fxe5 Na5 27. R1d2 Nb7 28. R6d4 Nc5 29. Bg2 Nd3 30. Rd6 Rc5 31. Bb7 Nxe5 32. Bxe5 Rxe5 33. Kf2 Bc8 34. Re2 Bxb7 0-1


[Site "https://www.chess.com"]

[Event "Titled Tuesday Blitz December 13 Early 2022"]
[White "Jakubowska, Anna"]
[Black "Stijve, Theo"]
[WhiteFideId "1121952"]
[BlackFideId "1331132"]
[WhiteElo "2001"]
[BlackElo "2256"]
[Result "0-1"]
[Round "06"]
[TimeControl "180+1"]
[Date "2022.12.14"]
[WhiteClock "0:00:35"]
[BlackClock "0:00:35"]

1. e4 c5 2. Nf3 e6 3. d4 cxd4 4. Nxd4 a6 5. Bd3 b5 6. O-O Bb7 7. a4 b4 8. c3 bxc3 9. Nxc3 Nc6 10. Nxc6 Bxc6 11. e5 f5 12. Be3 Ne7 13. a5 Nd5 14. Nxd5 Bxd5 15. Qe2 Bb7 16. Bb6 Qg5 17. f4 Qg4 18. Qxg4 fxg4 19. Rac1 Be7 20. Rfe1 Bc6 21. Be4 Bxe4 22. Rxe4 Bd8 23. Bxd8 Kxd8 24. Rb4 Ke7 25. Rc7 Rhc8 26. Rbb7 Rxc7 27. Rxc7 Rb8 28. Ra7 Rxb2 29. Rxa6 Ra2 30. Ra8 d5 31. exd6+ Kxd6 32. a6 Kd5 33. a7 Ke4 34. f5 Ke3 35. g3 Kf3 36. h4 gxh3 37. Rf8 h2+ 38. Kh1 Rxa7 39. fxe6+ Kxg3 40. Rf1 Re7 41. Re1 g5 42. Re5 Kf4 43. Re1 Kf5 44. Kxh2 Rxe6 45. Rf1+ Kg4 46. Rg1+ Kh4 47. Kg2 h5 48. Kf3 g4+ 49. Kf4 Rf6+ 50. Ke5 Rf2 51. Rh1+ Kg5 52. Ke4 h4 53. Ke3 g3 54. Rg1 Kg4 55. Ra1 Rf4 56. Ra8 Rf5 57. Rg8+ Kh3 58. Ke4 Rf1 59. Ke3 g2 0-1


[Site "https://www.chess.com"]

[Event "Titled Tuesday Blitz December 13 Early 2022"]
[White "Javakhishvili, Lela"]
[Black "Tarlabasi, Emirhan"]
[WhiteFideId "13601458"]
[BlackFideId "6350275"]
[WhiteElo "2364"]
[BlackElo "2200"]
[Result "0-1"]
[Round "06"]
[TimeControl "180+1"]
[Date "2022.12.14"]
[WhiteClock "0:01:12"]
[BlackClock "0:01:59"]

1. d4 d5 2. c4 c6 3. Nf3 Nf6 4. Qb3 e6 5. Bg5 Nbd7 6. Nc3 Qb6 7. c5 Qc7 8. g3 Be7 9. Bf4 Qd8 10. Bg2 Nh5 11. Bd2 b6 12. cxb6 Qxb6 13. Qc2 O-O 14. Na4 Qc7 15. Rc1 Bb7 16. O-O Nhf6 17. b4 Ne4 18. Bf4 Bd6 19. Bxd6 Qxd6 20. a3 a5 21. Nc5 Ndxc5 22. bxc5 Qe7 23. Ne5 f6 24. Bxe4 dxe4 25. Nc4 Ba6 26. Qxe4 Bxc4 27. Rxc4 Qd7 28. e3 Rab8 29. Rb1 Qd5 0-1


[Site "https://www.chess.com"]

[Event "Titled Tuesday Blitz December 13 Early 2022"]
[White "Jiganchine, Roman"]
[Black "Redzisz, Michal"]
[WhiteFideId "2603667"]
[BlackFideId "21816107"]
[WhiteElo "2343"]
[BlackElo "2136"]
[Result "1-0"]
[Round "06"]
[TimeControl "180+1"]
[Date "2022.12.14"]
[WhiteClock "0:00:39"]
[BlackClock "0:00:02"]

1. e4 c5 2. Nf3 e6 3. g3 Nc6 4. Bg2 e5 5. O-O g6 6. c3 Bg7 7. d3 Nge7 8. a4 O-O 9. Be3 d6 10. Na3 h6 11. Qd2 Kh7 12. h3 f5 13. b4 cxb4 14. cxb4 d5 15. b5 dxe4 16. dxe4 Nd4 17. Bxd4 exd4 18. e5 f4 19. g4 Be6 20. Rfe1 Rc8 21. Qxd4 Qa5 22. Qd6 Bd5 23. Qxe7 Rc3 24. Nh4 Bxg2 25. Nxg2 Rxh3 26. Nc4 Qc3 27. Rac1 Qf3 28. Nd2 Qxg4 29. Rc7 Rg8 30. Ne4 f3 31. Nf6+ Kh8 32. Nxg4 1-0


[Site "https://www.chess.com"]

[Event "Titled Tuesday Blitz December 13 Early 2022"]
[White "Jimenez Almeida, Luis David"]
[Black "Shuvalova, Polina"]
[WhiteFideId "22242244"]
[BlackFideId "24171760"]
[WhiteElo "2158"]
[BlackElo "2361"]
[Result "1-0"]
[Round "06"]
[TimeControl "180+1"]
[Date "2022.12.14"]
[WhiteClock "0:00:09"]
[BlackClock "0:00:02"]

1. e4 e5 2. Nf3 Nc6 3. Bb5 a6 4. Ba4 Nf6 5. O-O b5 6. Bb3 Be7 7. Re1 O-O 8. c3 d6 9. d3 Na5 10. Bc2 c5 11. Nbd2 Nc6 12. Qe2 h6 13. Nf1 Be6 14. a4 Rb8 15. Ng3 b4 16. c4 Bg4 17. Be3 Nh5 18. Nxh5 Bxh5 19. b3 Qd7 20. Bd1 Qe6 21. Qd2 f5 22. exf5 Qxf5 23. h3 Bg6 24. Be2 Kh8 25. Nh2 Bh4 26. Bf3 Qd7 27. Rad1 Rf7 28. Bxh6 gxh6 29. Qxh6+ Rh7 30. Qxg6 Rg8 31. Bxc6 Qxc6 32. Qe4 Qd7 33. Ng4 Bg5 34. Kf1 Rf7 35. g3 Rgf8 36. Kg2 Rg7 37. Re2 Bd8 38. Ne3 Rgf7 39. Qg4 Qb7+ 40. Qe4 Qc8 41. g4 Qe6 42. Nf5 Bg5 43. f4 Bf6 44. d4 cxd4 45. Rxd4 Rd7 46. Rd5 Qg8 47. fxe5 Bxe5 48. Qf3 Rh7 49. Re3 Qg6 50. c5 Bc3 51. cxd6 Rd7 52. Qe4 Qh7 53. Qe6 Rfd8 54. Ne7 Qh4 55. Ng6+ Kg7 56. Nxh4 Rxd6 57. Nf5+ Kf8 58. Nxd6 Bf6 59. Qf7# 1-0


[Site "https://www.chess.com"]